 Dungeon Crawl Stone Soup version 0.25.1-2-g60ff931df9 (webtiles) character file.

Game seed: 8957542609419812381

627 H0rd4k the Cutter (level 7, -2/51 HPs)
             Began as a Human Artificer on Sept 3, 2020.
             Slain by a river rat (9 damage)
             ... summoned by Eustachio
             ... on level 5 of the Dungeon.
             The game lasted 00:07:07 (5180 turns).

H0rd4k the Cutter (Human Artificer)                 Turns: 5180, Time: 00:07:08

Health: -2/51      AC:  5    Str: 13 (15) XL:     7   Next: 76%
Magic:  9/9        EV: 13    Int: 11      God:
Gold:   93         SH:  5    Dex: 13      Spells: 6/6 levels left

rFire    . . .     SeeInvis .   B - +2 short sword (venom)
rCold    . . .     Gourm    .   (no shield)
rNeg     . . .     Faith    .   b - +0 leather armour
rPois    .         Spirit   .   n - +0 helmet
rElec    .         Reflect  +   o - +0 cloak
rCorr    .         Harm     .   (no gloves)
MR       .....                  (no boots)
Stlth    ++........             m - amulet of reflection
HPRegen  0.17/turn              (no ring)
MPRegen  0.11/turn              (no ring)

@: no status effects
A: no striking features
a: no special abilities


You were on level 5 of the Dungeon.
You were not hungry.

You visited 1 branch of the dungeon, and saw 5 of its levels.

You collected 93 gold pieces.

Inventory:

Hand Weapons
 a - a +0 short sword
 q - a +1 dagger of electrocution
 B - a +2 short sword of venom (weapon)
Armour
 b - a +0 leather armour (worn)
 n - a +0 helmet (worn)
 o - a +0 cloak (worn)
 u - a +0 buckler of resistance
Jewellery
 m - an amulet of reflection (around neck)
 p - an uncursed amulet of faith
Wands
 c - a wand of flame (15)
 d - a wand of enslavement (15)
 e - a wand of random effects (15)
Scrolls
 g - a scroll of enchant weapon
 i - 2 scrolls of immolation
 j - a scroll of magic mapping {unknown}
 k - a scroll of noise {unknown}
 l - a scroll of teleportation
 r - a scroll of remove curse
 v - 3 scrolls of identify {unknown}
 y - a scroll of fog {unknown}
 z - 2 scrolls of enchant armour {unknown}
 A - a scroll of amnesia {unknown}
Potions
 h - 3 potions of invisibility
 s - a potion of curing
Comestibles
 f - 10 rations


   Skills:
 + Level 2.5 Fighting
 + Level 4.3 Short Blades
 + Level 3.1 Armour
 + Level 3.9 Dodging
 + Level 2.3 Stealth
 + Level 1.1 Shields
 + Level 3.7 Evocations


You had 6 spell levels left.
You didn't know any spells.
Your spell library was empty.

Dungeon Overview and Level Annotations

Branches:
Dungeon (5/15)
 Temple: D:4-7

Altars:
Cheibriados
Kikubaaqudgha

Annotations:
D:3 exclusion: downstairs
D:4 exclusion: downstairs
D:5 Eustachio


Message History

* * * LOW HITPOINT WARNING * * *
You block the ufetubus's attack. The ufetubus hits you.
* * * LOW HITPOINT WARNING * * *
The river rat barely misses you.
You closely miss the ufetubus. The ufetubus closely misses you.
The ufetubus misses you. The white imp completely misses you.
The river rat bites you.
* * * LOW HITPOINT WARNING * * *
You closely miss the ufetubus.
The ufetubus hits you but does no damage. x2
The white imp hits you.
* * * LOW HITPOINT WARNING * * *
The white imp freezes you.
* * * LOW HITPOINT WARNING * * *
You hit the ufetubus.
The ufetubus is poisoned.
The ufetubus is moderately wounded.
The ufetubus closely misses you.
The ufetubus hits you but does no damage.
The river rat bites you!
You die...

#### ##..###
##....5######
##..@.5r@5...#
###..###########
### ##...##
...###...##
........##
.......##
.....r## .....##
.....#


You could see Eustachio (very poisoned), a crimson imp (summoned), a river rat
(summoned), a white imp (summoned) and an ufetubus (summoned, very poisoned).

Vanquished Creatures
  A phantom (D:4)
  2 scorpions (D:4)
  A centaur zombie (D:5)
  3 orc wizards
  2 centaur skeletons (D:4)
  Terence (D:2)
  3 worker ants
  A gnoll (D:1)
  6 adders
  An ooze (D:2)
  4 worms (D:3)
  3 dart slugs
  4 leopard geckos
  11 orcs
  2 ball pythons
  A giant cockroach (D:1)
  8 hobgoblins
  3 jackals (D:4)
  8 kobolds
  5 bats
  5 frilled lizards
  11 goblins
  2 leopard gecko skeletons (D:4)
  A quokka skeleton (D:4)
  7 rats
96 creatures vanquished.

Notes
Turn   | Place    | Note
-------+----------+-------------------------------------------
     0 | D:1      | H0rd4k the Human Artificer began the quest for the Orb.
     0 | D:1      | Reached XP level 1. HP: 15/15 MP: 3/3
   543 | D:1      | Reached XP level 2. HP: 21/21 MP: 4/4
  1225 | D:1      | Reached XP level 3. HP: 21/26 MP: 5/5
  1797 | D:2      | Found an ancient bone altar of Kikubaaqudgha.
  1825 | D:2      | Reached XP level 4. HP: 25/32 MP: 6/6
  1959 | D:2      | Reached skill level 1 in Armour
  2132 | D:2      | Reached skill level 2 in Short Blades
  2314 | D:2      | Noticed Terence
  2326 | D:2      | Killed Terence
  2326 | D:2      | Reached XP level 5. HP: 21/37 MP: 7/7
  3208 | D:3      | Found a faded altar of an unknown god.
  3749 | D:3      | Found a snail-covered altar of Cheibriados.
  3879 | D:3      | Reached XP level 6. HP: 32/44 MP: 8/8
  4087 | D:4      | Reached skill level 3 in Short Blades
  4092 | D:4      | Noticed a phantom
  4122 | D:4      | Killed a phantom
  4122 | D:4      | Reached XP level 7. HP: 44/50 MP: 9/9
  4539 | D:4      | Reached skill level 4 in Short Blades
  5003 | D:5      | Entered Level 5 of the Dungeon
  5057 | D:5      | Noticed Eustachio
  5121 | D:5      | Reached skill level 1 in Shields
  5180 | D:5      | Slain by a river rat

Illustrated notes

Levels and vault maps discovered:
D:1:      sevenhm_arrival_forest_fort_large_4, layout_basic, minmay_pentomino_w2
D:2:      layout_loops_ring, nicolae_overflow_crystal_walls, dk_vineyard_1,
          hangedman_decor_diamond_cutter, minmay_goblin_outpost, uniq_terence
D:3:      layout_rooms, kennysheep_slug_shrine,
          chequers_ecumenical_altar_island, minmay_misc_feat_five
D:4:      layout_rooms
D:5:      layout_layer_cave, serial_shops, shop, shop, kennysheep_little_box,
          nicolae_shop_behind_doors, nicolae_shop_statue_plus, first_ration,
          lightli_ossuary_entry_decrepit_ruins, uniq_edmund, uniq_eustachio

Skill      XL: |  1  2  3  4  5  6  7 |
---------------+----------------------+-----
Armour         | 1 2 3 |  3.1
Short Blades   | 2 3 4 |  4.3
Dodging        | 3 |  3.9
Fighting       | 2 |  2.5
Stealth        | 2 |  2.3
Shields        | 1 |  1.1
Evocations     | |  3.7

Action                   |  1- 3 |  4- 6 |  7- 9 || total
-------------------------+-------+-------+-------++-------
Melee: Short sword       |    68 |       |    96 ||   164
       Dagger            |    10 |   197 |    43 ||   250
  Use: Potion            |       |       |     9 ||     9
       Scroll            |       |       |     4 ||     4
 Stab: Sleeping          |     1 |     1 |       ||     2
  Eat: Chunk             |     3 |     7 |     1 ||    11
       Ration            |       |       |     1 ||     1
Armor: Leather armour    |    28 |    51 |    23 ||   102
Dodge: Dodged            |    33 |   132 |    89 ||   254
Block: Other             |       |    12 |    37 ||    49
